 Dungeon Crawl Stone Soup version 0.20-a0-1015-g2ec8a95 (console) character file.

134460 nht the Scorcher (level 16, -1/118 HPs)
             Began as a Purple Draconian Earth Elementalist on Apr 15, 2017.
             Was the Champion of Hepliaklqana.
             Shot with a bolt by a naga sharpshooter (12 damage)
             ... on level 4 of the Snake Pit.
             The game lasted 02:10:30 (27459 turns).

nht the Scorcher (DrEE)                            Turns: 27459, Time: 02:10:31

Health: -1/118     AC: 14    Str:  8    XL:     16   Next: 62%
Magic:  36/40      EV: 12    Int: 25    God:    Hepliaklqana [******]
Gold:   1691       SH:  0    Dex: 13    Spells: 2/38 levels left

rFire    + . .     SeeInvis .   a - +5 pair of quick blades {pierce, Dex-3}
rCold    . . .     Gourm    .   (shield currently unavailable)
rNeg     + . .     Faith    .   (armour unavailable)
rPois    +         Spirit   .   v - +1 hat
rElec    +         Reflect  .   U - scarf of Analysis {rElec rN+ Int-5 Dex+4}
rCorr    .         Harm     .   i - +1 pair of gloves
MR       ++...                  K - +1 pair of boots
Stlth    ++........             J - amulet of regeneration
Regen    0.7/turn               n - ring of the Messenger {*Contam rPois MP+9 Str-4 Int+9}
MPRegen  0.3/turn               m - ring of protection from fire

@: lethally poisoned (-1 -> -2), about to teleport, short of breath
A: breathe power, unfitting armour, reduced essence, cold-blooded, AC +9
a: Breathe Dispelling Energy, Recall Ancestor, Ancestor Identity, Transference,
Idealise, Renounce Religion


You were on level 4 of the Snake Pit.
You worshipped Hepliaklqana.
Hepliaklqana was exalted by your worship.
You were not hungry.

You visited 5 branches of the dungeon, and saw 28 of its levels.
You also visited: Bailey.

You collected 3046 gold pieces.
You spent 1355 gold pieces at shops.

Inventory:

Hand Weapons
 a - the +5 pair of quick blades "Gyre" and "Gimble" (weapon) {pierce, Dex-3}
   (You bought it in a shop on level 11 of the Dungeon)

   It inflicts extra damage upon your enemies.
   It affects your dexterity (-3).
 D - a +2 demon blade of venom
Armour
 i - a +1 pair of gloves (worn)
 v - a +1 hat (worn)
 K - a +1 pair of boots (worn)
 R - the +0 cloak of Zostyw {rF++ Stlth-}
   (You found it on level 14 of the Dungeon)

   It greatly protects you from fire.
   It makes you less stealthy.
 U - the scarf of Analysis (worn) {rElec rN+ Int-5 Dex+4}
   (You bought it in a shop on level 11 of the Dungeon)

   It affects your intelligence (-5).
   It affects your dexterity (+4).
   It insulates you from electricity.
   It protects you from negative energy.
Jewellery
 m - a ring of protection from fire (right hand)
 n - the ring of the Messenger (left hand) {*Contam rPois MP+9 Str-4 Int+9}
   (You took it off a goblin in a bailey)

   [ring of poison resistance]

   It affects your strength (-4).
   It affects your intelligence (+9).
   It protects you from poison.
   It affects your magic capacity (+9).
   It causes magical contamination when unequipped.
 z - an uncursed ring of resist corrosion
 A - an uncursed ring of protection from cold
 J - an amulet of regeneration (around neck)
Wands
 x - a wand of confusion (5/48)
 y - a wand of polymorph (5/24)
 O - a wand of polymorph (14/24)
Scrolls
 e - 4 scrolls of enchant weapon
 f - 18 scrolls of identify
 g - 10 scrolls of remove curse
 l - 4 scrolls of amnesia
 o - 3 scrolls of magic mapping
 p - 3 scrolls of teleportation
 r - 3 scrolls of blinking
 W - 2 scrolls of enchant armour
 X - a scroll of brand weapon
Potions
 b - 3 potions of cancellation
 j - 7 potions of agility
 k - 2 potions of magic
 s - 13 potions of curing
 t - 5 potions of flight
 u - 5 potions of haste
 w - 2 potions of lignification
 C - 3 potions of heal wounds
 H - a potion of berserk rage
 N - 2 potions of mutation
 S - 4 potions of brilliance
 T - 2 potions of resistance
Books
 d - a book of Geomancy

   Spells                             Type                      Level
   a - Sandblast                      Earth                        1
   b - Passwall                       Transmutation/Earth          2
   c - Stone Arrow                    Conjuration/Earth            3
   d - Petrify                        Transmutation/Earth          4
   e - Lee's Rapid Deconstruction     Earth                        5
 G - a book of Minor Magic

   Spells                             Type                      Level
   a - Magic Dart                     Conjuration                  1
   b - Blink                          Translocation                2
   c - Call Imp                       Summoning                    2
   d - Slow                           Hexes                        2
   e - Conjure Flame                  Conjuration/Fire             3
   f - Mephitic Cloud                 Conjuration/Poison/Air       3
 I - a book of Fire

   Spells                             Type                      Level
   a - Ignite Poison                  Fire/Transmutation/Poison    3
   b - Fireball                       Conjuration/Fire             5
   c - Bolt of Fire                   Conjuration/Fire             6
   d - Ring of Flames                 Charms/Fire                  7
   e - Ignition                       Fire                         8
 L - a book of Cantrips

   Spells                             Type                      Level
   a - Confusing Touch                Hexes                        1
   b - Animate Skeleton               Necromancy                   1
   c - Summon Small Mammal            Summoning                    1
   d - Apportation                    Translocation                1
 Q - a book of Necromancy

   Spells                             Type                      Level
   a - Pain                           Necromancy                   1
   b - Animate Skeleton               Necromancy                   1
   c - Vampiric Draining              Necromancy                   3
   d - Regeneration                   Charms/Necromancy            3
   e - Animate Dead                   Necromancy                   4
   f - Control Undead                 Necromancy                   4
 Y - a book of Transfigurations

   Spells                             Type                      Level
   a - Irradiate                      Conjuration/Transmutation    5
   b - Statue Form                    Transmutation/Earth          6
   c - Hydra Form                     Transmutation                6
   d - Dragon Form                    Transmutation                7
Miscellaneous
 E - a fan of gales
 F - a lightning rod (4/4)
Comestibles
 c - 19 bread rations
 h - 11 meat rations
 q - 11 royal jellies


   Skills:
 - Level 9.1 Fighting
 - Level 8.1 Short Blades
 - Level 1.7 Dodging
 - Level 1.7 Stealth
   Level 4.0 Shields
 + Level 11.5 Spellcasting
 - Level 5.7 Conjurations
 + Level 11.3 Transmutations
 - Level 15.1 Fire Magic
 - Level 12.5 Earth Magic
 - Level 9.0 Invocations
 - Level 10.0 Evocations


You had 2 spell levels left.
You knew the following spells:

 Your Spells              Type           Power        Failure   Level  Hunger
a - Sandblast             Erth           ######       1%          1    None
b - Lee's Rapid Deconstr  Erth           ######....   1%          5    ###....
c - Stone Arrow           Conj/Erth      ######       1%          3    None
d - Fireball              Conj/Fire      ######....   1%          5    ###....
e - Sticky Flame          Conj/Fire      ######..     1%          4    None
f - Ignition              Fire           ######....   71%         8    #######
g - Spider Form           Tmut/Pois      #####.....   1%          3    None
h - Dragon Form           Tmut           ######....   38%         7    ######.


Dungeon Overview and Level Annotations

Branches:
Dungeon (15/15)            Temple (1/1) D:5            Lair (6/6) D:10
 Shoals (0/4) Lair:4        Snake (4/4) Lair:4        Slime (0/5) Lair:5
    Orc (2/2) D:11            Elf (0/3) Orc:2        Vaults (0/5) D:13
 Depths (0/5) D:15

Altars:
Ashenzari
Cheibriados
Dithmenos
Elyvilon
Fedhas
Gozag
Hepliaklqana
Kikubaaqudgha
Makhleb
Nemelex Xobeh
Okawaru
Qazlal
Ru
Sif Muna
Trog
Uskayaw
Vehumet
Wu Jian
Xom
Yredelemnul
Zin
The Shining One
Beogh

Shops:
D:9 [   D:10 *   D:11 (([   D:13 *[[   Orc:2 (=*[(   Snake:1 [!*[   Snake:3 }}=


Innate Abilities, Weirdness & Mutations

You can breathe bolts of dispelling energy.
Your rich purple scales are hard. (AC +9)
You cannot fit into any form of body armour.
You are cold-blooded and may be slowed by cold attacks.
Your life essence is reduced. (-10% HP)


Message History

The nagaraja seems to speed up.
The naga sharpshooter casts a spell.
The naga sharpshooter magically shoots an arrow.
The arrow hits you!
* * * LOW HITPOINT WARNING * * *
The naga sharpshooter unwields an uncursed battleaxe.
The naga sharpshooter wields an uncursed shortbow.
The naga sharpshooter gestures wildly while chanting.
The naga sharpshooter magically shoots an arrow.
The arrow hits you!
* * * LOW HITPOINT WARNING * * *
The naga sharpshooter hits you but does no damage.
The naga mage spits poison at you. The splash of poison hits you! You resist.
The naga mage casts a spell.
The naga mage seems to speed up.
The naga sharpshooter gestures wildly while chanting.
The naga sharpshooter magically shoots a bolt.
The bolt hits you!
You die...

,,,*,,,.....,,,,,*,,,,* ██..█
,,,*,,,,█....,*,,,,,..██ █...█
,,,*,,,,,....,,,,*█....█ █...███
,,,**,,*,..N..,,,█.....█ █.....██
,*,,**,,,NNN..███......███...█...
,,,,,*,,N...............██..█....
,,,*,,,,*..N....N█......██.█.....
,,,,,,,,,,█....§.N...N..██.█.....
,,,,,,,,,,....█.@N§§.█,,*█..█....
,,,,,,,,,.......NN§.█*,,*█.......
,,,,,,,,,......§§§N.█*,,*██......
,,,,,,*,,...N..§§§..█*,,* ██.....
,,,,,,,,,N.........██,,,* ██....
,,,,,,,,,.........██*,,*****██...
*,,,,,,,,.N.......█,,,,* *....███
***,,,,,,.........█*,,,* █....* █
*,,***,,,,.......██,,,,* █....**


You could see a naga warrior, a nagaraja, 4 naga sharpshooters, 2 naga
ritualists, 2 naga magi and 5 nagas.

Vanquished Creatures
  A nagaraja (Snake:4)
  Louise (D:15)
  An orc warlord (Orc:1)
  The ghost of Malvoorn the Spear-Bearer, a journeyman MfSk of Ashenzari (Lair:3)
  A vault guard (D:13)
  6 naga warriors
  9 hydras
  2 centaur warriors
  9 anacondas
  5 two-headed ogres
  7 naga sharpshooters
  2 orc high priests (Orc:2)
  3 shock serpents
  3 skeletal warriors (D:12)
  6 naga ritualists
  2 swamp dragons (Snake:1)
  Pikel (D:9)
  3 orc knights
  A deep elf mage (D:15)
  3 orc sorcerers (Orc:2)
  A wolf spider (Snake:2)
  7 ugly things
  12 mana vipers
  A manticore (Lair:6)
  2 oklob plants (Lair:4)
  8 salamanders
  3 cyclopes
  17 black mambas
  2 guardian serpents (Snake:3)
  2 centaur zombies
  5 naga magi
  A gargoyle (D:14)
  7 spiny frogs
  A kobold demonologist (D:15)
  A rime drake (Lair:6)
  A redback zombie (D:15)
  A tengu conjurer (D:15)
  5 komodo dragons
  2 merfolk
  6 trolls
  Prince Ribbit (D:8)
  2 polar bears
  15 slime creatures
  7 blink frogs
  4 dream sheep (Lair:6)
  A hornet (D:11)
  5 hippogriffs
  The ghost of mopl the Sneak, an amateur DEAs (D:4)
  A spriggan (D:11)
  4 wyverns
  10 yaks
  A basilisk (D:15)
  6 vampire mosquitoes
  Menkaure (D:6)
  21 nagas
  A swamp worm (Snake:1)
  Duvessa (D:7)
  2 acid dragons
  9 water moccasins
  5 porcupines
  2 sky beasts
  A slave (D:9)
  A phantom (D:4)
  2 ice beasts
  18 orc warriors
  10 ogres
  6 wolves
  11 centaurs
  19 crocodiles
  5 big kobolds
  14 bullfrogs
  Blork the orc (D:6)
  A wyvern zombie (D:14)
  Dowan (D:7)
  4 scorpions
  3 wyvern skeletons
  4 wights
  4 howler monkeys
  4 crimson imps
  A bullfrog zombie (D:7)
  A quasit (D:9)
  4 jellies
  12 orc wizards
  12 orc priests
  3 bullfrog skeletons
  7 hounds
  Crazy Yiuf (D:7)
  5 centaur skeletons
  6 iguanas
  11 worker ants
  4 gnolls
  11 adders
  3 shadow imps
  3 oozes
  3 worms
  3 dart slugs
  7 leopard geckos
  58 orcs
  5 giant cockroaches
  10 goblins
  9 hobgoblins
  5 jackals
  42 kobolds
  7 quokkas
  2 ball pythons
  6 bats
  8 frilled lizards
  A jackal skeleton (D:5)
  A leopard gecko zombie (D:8)
  A quokka zombie (D:5)
  8 rats
621 creatures vanquished.

Vanquished Creatures (collateral kills)
  Mara (Snake:3)
  A nagaraja (Snake:4)
  A dire elephant (D:15)
  3 vault guards (D:13)
  Harold (Lair:1)
  A hydra (Lair:2)
  2 naga warriors (Snake:3)
  An anaconda (Snake:4)
  2 centaur warriors (D:14)
  A merfolk avatar (Lair:6)
  A catoblepas (Lair:6)
  2 two-headed ogres
  A tengu warrior (D:15)
  An orc high priest (Orc:2)
  A naga ritualist (Snake:2)
  A sea snake (Snake:1)
  2 orc knights (Orc:2)
  4 mana vipers
  An orc sorcerer (Orc:2)
  2 ugly things
  2 oklob plants (Lair:4)
  A salamander (Snake:3)
  A slime creature (D:13)
  Joseph (D:8)
  2 guardian serpents
  12 black mambas
  6 naga magi
  A centaur skeleton (D:10)
  4 spiny frogs
  A komodo dragon (Lair:6)
  5 rime drakes (Lair:6)
  An efreet (D:15)
  A wind drake (Lair:6)
  4 trolls
  4 polar bears
  A hornet (D:11)
  A blink frog (Lair:5)
  A dream sheep (Lair:6)
  4 hippogriffs
  A shadow (D:14)
  2 basilisks
  5 yaks
  2 vampire mosquitoes (D:14)
  A warg (Orc:1)
  9 nagas
  A swamp worm (Snake:1)
  A soldier ant (D:10)
  2 porcupines
  2 water moccasins
  2 slaves (D:9)
  8 orc warriors
  A black bear (D:10)
  5 sky beasts
  A wolf (Lair:2)
  2 phantoms
  An eye of draining (D:10)
  4 centaurs
  3 crocodiles
  2 big kobolds (D:15)
  A bullfrog (Lair:4)
  A howler monkey (D:14)
  3 wights
  A crimson imp (D:9)
  An orc wizard (Orc:1)
  2 orc priests
  A jelly (D:10)
  A bullfrog skeleton (D:10)
  2 worker ants
  2 oozes (Lair:5)
  13 orcs
  3 goblins (D:7)
  6 kobolds
175 creatures vanquished.

Vanquished Creatures (others)
  A blink frog (Lair:6)
  18 battlemagi
  3 ancestors (Bailey)
  An orc (D:4)
  A quokka (D:14)
  A kobold (Bailey)
  14 fungi (Lair:6)
  17 plants
56 creatures vanquished.

Grand Total: 852 creatures vanquished

Notes
Turn   | Place    | Note
-------+----------+-------------------------------------------
     0 | D:1      | nht the Draconian Earth Elementalist began the quest for the Orb.
     0 | D:1      | Reached XP level 1. HP: 14/14 MP: 3/3
   143 | D:1      | Reached XP level 2. HP: 5/20 MP: 0/5
   506 | D:1      | Reached XP level 3. HP: 23/26 MP: 0/6
  1497 | D:3      | Reached XP level 4. HP: 33/33 MP: 3/7
  1511 | D:3      | Reached skill level 5 in Earth Magic
  1919 | D:3      | Reached XP level 5. HP: 38/38 MP: 5/8
  1926 | D:3      | Learned a level 5 spell: Lee's Rapid Deconstruction
  1970 | D:4      | Noticed an ogre
  2499 | D:4      | Noticed mopl's ghost (amateur DEAs)
  2551 | D:3      | Reached XP level 6. HP: 17/45 MP: 4/9
  2728 | D:4      | Killed mopl's ghost
  2751 | D:4      | Your scales start taking on a rich purple colour.
  2751 | D:4      | Reached XP level 7. HP: 50/50 MP: 5/10
  2919 | D:4      | Learned a level 3 spell: Stone Arrow
  3030 | D:5      | Entered Level 5 of the Dungeon
  3344 | D:5      | Found a staircase to the Ecumenical Temple.
  3367 | Temple   | Entered the Ecumenical Temple
  3615 | Temple   | Became a worshipper of Hepliaklqana the Forgotten
  3900 | D:6      | Reached XP level 8. HP: 51/51 MP: 7/11
  3982 | D:6      | Reached skill level 10 in Earth Magic
  4003 | D:6      | Noticed Blork the orc
  4007 | D:6      | Killed Blork the orc
  4099 | D:6      | Noticed Sigmund
  4103 | D:6      | Noticed Sigmund
  4103 | D:6      | Sigmund changed into Sigmund the porcupine
  4105 | D:6      | Killed Sigmund the porcupine
  4398 | D:6      | Noticed Menkaure
  4403 | D:6      | Killed Menkaure
  4403 | D:6      | Reached skill level 1 in Fighting
  4479 | D:6      | Reached * piety under Hepliaklqana
  4738 | D:7      | Noticed a hippogriff
  4740 | D:7      | Killed a hippogriff
  4755 | D:7      | Reached XP level 9. HP: 61/61 MP: 8/14
  4898 | D:7      | Found a deep blue altar of Sif Muna.
  5084 | D:7      | Found a flagged portal.
  5109 | Bailey   | Entered a bailey
  5121 | Bailey   | Noticed an orc knight
  5136 | Bailey   | Reached skill level 5 in Spellcasting
  5295 | Bailey   | Reached skill level 5 in Fighting
  5434 | Bailey   | Killed an orc knight
  5437 | Bailey   | Got a twitching wooden ring
  5438 | Bailey   | Identified the ring of the Messenger {*Contam rPois MP+9 Str-4 Int+9} (You took it off a goblin in a bailey)
  5645 | D:7      | Reached ** piety under Hepliaklqana
  5646 | D:7      | Remembered your ancestor Sextus as a battlemage
  5659 | D:7      | Noticed Dowan
  5661 | D:7      | Noticed Duvessa
  5665 | D:7      | Killed Duvessa
  5666 | D:7      | Killed Dowan
  5666 | D:7      | Reached XP level 10. HP: 63/74 MP: 7/19
  5821 | D:7      | Found a runed door.
  6090 | D:7      | Noticed Crazy Yiuf
  6091 | D:7      | Killed Crazy Yiuf
  6163 | D:8      | Noticed Prince Ribbit
  6169 | D:8      | Killed Prince Ribbit
  6374 | D:8      | Noticed Joseph
  6381 | D:8      | Killed Joseph
  6698 | D:8      | Found an ancient bone altar of Kikubaaqudgha.
  6950 | D:8      | Learned a level 5 spell: Fireball
  7104 | D:9      | Noticed a two-headed ogre
  7108 | D:9      | Killed a two-headed ogre
  7108 | D:9      | Reached skill level 2 in Fire Magic
  7127 | D:9      | Noticed a two-headed ogre
  7134 | D:9      | Killed a two-headed ogre
  7134 | D:9      | Reached skill level 3 in Fire Magic
  7201 | D:9      | Noticed Pikel
  7209 | D:9      | Killed Pikel
  7209 | D:9      | Reached skill level 4 in Fire Magic
  7358 | D:9      | Reached *** piety under Hepliaklqana
  7367 | D:9      | Found Quiveli's Armour Boutique.
  7412 | D:9      | Bought a +0 buckler for 67 gold pieces
  7447 | D:9      | Reached skill level 1 in Shields
  7569 | D:9      | Reached XP level 11. HP: 85/85 MP: 23/23
  7871 | D:10     | Entered Level 10 of the Dungeon
  7909 | D:10     | Found Roril's General Store.
  7932 | D:10     | Bought a potion of lignification for 48 gold pieces
  8046 | D:10     | Reached skill level 1 in Evocations
  8240 | D:10     | Found a staircase to the Lair.
  8383 | Lair:1   | Entered Level 1 of the Lair of Beasts
  8412 | Lair:1   | Noticed Harold
  8423 | Lair:1   | Killed Harold
  8423 | Lair:1   | Reached skill level 5 in Fire Magic
  8434 | Lair:1   | Reached **** piety under Hepliaklqana
  8664 | Lair:1   | Reached skill level 1 in Invocations
  9296 | Lair:2   | Reached skill level 6 in Fire Magic
  9541 | Lair:2   | Reached ***** piety under Hepliaklqana
  9886 | Lair:2   | Noticed a five-headed hydra
  9892 | Lair:2   | Killed a five-headed hydra
  9892 | Lair:2   | Reached skill level 5 in Evocations
 10089 | Lair:3   | Noticed Malvoorn's ghost (journeyman MfSk)
 10097 | Lair:3   | Killed Malvoorn's ghost
 10112 | Lair:3   | Reached skill level 5 in Invocations
 10112 | Lair:3   | Reached XP level 12. HP: 91/93 MP: 9/24
 10136 | Lair:3   | Identified a scroll of acquirement
 10140 | Lair:3   | fuck
 10844 | Lair:3   | Reached skill level 7 in Fire Magic
 11126 | Lair:4   | Found a staircase to the Shoals.
 11278 | Lair:4   | Identified the Almanac of Venom and Heat
 11676 | Lair:4   | Reached ****** piety under Hepliaklqana
 11789 | Lair:4   | Found a staircase to the Snake Pit.
 12112 | Lair:5   | Noticed a six-headed hydra
 12191 | Lair:5   | Noticed a five-headed hydra
 12192 | Lair:5   | Killed a six-headed hydra
 12192 | Lair:5   | Reached skill level 8 in Fire Magic
 12197 | Lair:5   | Killed a five-headed hydra
 12225 | Lair:5   | Found a white marble altar of Elyvilon.
 12355 | Lair:5   | Found a staircase to the Slime Pits.
 12480 | Lair:5   | Learned a level 4 spell: Sticky Flame
 12819 | Lair:6   | Entered Level 6 of the Lair of Beasts
 12834 | Lair:6   | Noticed a catoblepas
 12840 | Lair:6   | Noticed a catoblepas
 12853 | Lair:6   | Killed a catoblepas
 12853 | Lair:6   | Reached skill level 1 in Conjurations
 12967 | Lair:6   | Reached skill level 9 in Fire Magic
 12971 | Lair:6   | Noticed a six-headed hydra
 12982 | Lair:6   | Killed a six-headed hydra
 12996 | Lair:6   | Reached XP level 13. HP: 99/99 MP: 9/25
 13936 | Lair:6   | Reached skill level 10 in Fire Magic
 13973 | Lair:6   | Reached skill level 5 in Conjurations
 14476 | D:11     | Found Jiesu's Armour Emporium.
 14494 | D:11     | Bought the scarf of Analysis {rElec rN+ Int-5 Dex+4} for 295 gold pieces
 14754 | D:11     | Found Ladiliph's Weapon Emporium.
 14760 | D:11     | Bought 16 stones for 19 gold pieces
 14760 | D:11     | Bought 20 stones for 24 gold pieces
 14797 | D:11     | Reached skill level 10 in Evocations
 14890 | D:11     | Found Oroschuxa's Weapon Shop.
 14900 | D:11     | Found a staircase to the Orcish Mines.
 15308 | D:11     | Bought the +5 pair of quick blades "Gyre" and "Gimble" {pierce, Dex-3} for 674 gold pieces
 15329 | Orc:1    | Entered Level 1 of the Orcish Mines
 15508 | Orc:1    | Noticed an orc warlord
 15533 | Orc:1    | Killed an orc warlord
 15609 | Orc:2    | Entered Level 2 of the Orcish Mines
 15609 | Orc:2    | Found Nuofupp's Antique Weapon Emporium.
 15855 | Orc:2    | Found a staircase to the Elven Halls.
 15917 | Orc:1    | Found a radiant altar of Vehumet.
 16446 | Orc:2    | Found a roughly hewn altar of Beogh.
 16580 | Orc:2    | Reached skill level 5 in Short Blades
 16696 | Orc:2    | Reached XP level 14. HP: 71/106 MP: 26/26
 17096 | Orc:2    | Found Wokoi's Antique Weapon Shop.
 17096 | Orc:2    | Found Godiukod's Jewellery Shop.
 17097 | Orc:2    | Found Kamiaklit's Armour Emporium.
 17103 | Orc:2    | Found Rubysecy's General Store.
 17123 | Orc:2    | Bought a scroll of fog for 28 gold pieces
 17941 | D:13     | Found a gate to the Vaults.
 17952 | D:13     | Reached skill level 11 in Fire Magic
 18438 | D:13     | Reached skill level 12 in Fire Magic
 18449 | D:13     | Learned a level 8 spell: Ignition
 18582 | D:13     | Found Ceeh's Armour Shop.
 18937 | D:13     | Found Rinapieg's Assorted Antiques.
 18942 | D:13     | Bought a scroll of identify for 50 gold pieces
 18942 | D:13     | Bought a potion of lignification for 75 gold pieces
 18942 | D:13     | Bought a potion of flight for 75 gold pieces
 19059 | D:13     | Found Eduidu's Armour Emporium.
 19404 | D:14     | Reached skill level 13 in Fire Magic
 19627 | D:14     | Got an ancient cloak
 19638 | D:14     | Identified the +0 cloak of Zostyw {rF++ Stlth-} (You found it on level 14 of the Dungeon)
 20127 | D:14     | Found a white marble altar of Elyvilon.
 20351 | D:15     | Entered Level 15 of the Dungeon
 20414 | D:15     | Reached skill level 14 in Fire Magic
 20414 | D:15     | Reached XP level 15. HP: 44/111 MP: 14/27
 20572 | D:15     | Found a shimmering altar of Xom.
 20914 | D:15     | Found a staircase to the Depths.
 21114 | D:15     | Noticed Louise
 21148 | D:15     | Killed Louise
 21821 | Snake:1  | Entered Level 1 of the Snake Pit
 21994 | Snake:1  | Found Qanecod's Armour Boutique.
 21994 | Snake:1  | Found Fohaveimm's Armour Shop.
 22033 | Snake:1  | Found Jearol's General Store.
 22041 | Snake:1  | Reached skill level 15 in Fire Magic
 22060 | Snake:1  | Learned a level 3 spell: Spider Form
 22162 | Snake:1  | Found Unixadix's Distillery.
 23278 | Snake:1  | Reached skill level 5 in Transmutations
 23626 | Snake:2  | HP: 5/111 [black mamba (4)]
 24787 | Snake:3  | Found Cebusis's Jewellery Emporium.
 24787 | Snake:3  | Found Govouvo's Gadget Shop.
 24788 | Snake:3  | Found Xogroax's Gadget Shop.
 24936 | Snake:2  | Reached XP level 16. HP: 117/118 MP: 17/29
 25471 | Snake:3  | Noticed Mara
 25478 | Snake:3  | Killed Mara
 25602 | Snake:3  | Reached skill level 10 in Transmutations
 25627 | Snake:3  | Reached skill level 10 in Spellcasting
 26272 | Snake:3  | Learned a level 7 spell: Dragon Form
 26396 | Snake:4  | Entered Level 4 of the Snake Pit
 27459 | Snake:4  | Shot with a bolt by a naga sharpshooter

Vault maps used:
D:1:      minmay_arrival_three_doors, minmay_misc_feat_iff, st_stairs_5,
          minmay_heptomino_w4
D:3:      first_bread
D:4:      grunt_ministairs_7
D:5:      minmay_temple_entry_trees
D:6:      minmay_misc_feat_hallway, minmay_door_square, uniq_sigmund,
          uniq_blork_the_orc, uniq_menkaure
D:7:      enter_bailey_3, led_sif_pool, uniq_crazy_yiuf_cottage, uniq_duvessa
D:8:      kiku_gazebo_garden_becter, uniq_prince_ribbit1, uniq_joseph
D:9:      serial_shops, nicolae_shop_waterfront, uniq_pikel
D:10:     lair_entry_dummy, serial_shops,
          nicolae_shop_competitors_out_of_business
D:11:     orc_0_dummy, serial_shops, shop, shop, nicolae_shop_statue_plus,
          the_bakery, minmay_misc_feat_roman, roderic_lattice_a
D:12:     minmay_checkerbox
D:13:     lightli_vaults_fourway_checkpoint, serial_shops, kennysheep_mini_moat,
          shop, kennysheep_little_box
D:14:     elyvilon_altar_4, kennysheep_doodads
D:15:     hangedman_depths_entry_try_elsewhere_first,
          minmay_misc_feat_more_columns, basic_altar, uniq_louise
Temple:   nicolae_temple_the_god_donut
Lair:1:   beast_lair_carwin_8, lemuel_fruit_tree, serial_bayou_shore_b,
          uniq_harold
Lair:4:   minmay_shoals_entry_centaurs, minmay_snake_entry_guardpost_small,
          hangedman_lair_unloving_vines, minmay_lair_oklob_chamber
Lair:5:   nicolae_slime_entry_slimehenge, lemuel_centaur_altar
Lair:6:   gammafunk_lair_ancient_temple
Snake:1:  onia_ninara_swampy_vault, st_stairs_12, spider_trap,
          grunt_ministairs_6, serial_bayou_pond_b, minmay_shoptagon
Snake:3:  basic_stair_grate_trap, grunt_megastairs_1, minmay_shop_grove,
          uniq_mara
Snake:4:  snake_pit
Orc:1:    basic_altar, minmay_orc_barracks
Orc:2:    st_orc_elflike, serial_shops, shop, david_defended_altar_orc
Bailey:   bailey_axe_4, bailey

Skill      XL: |  1  2  3  4  5  6  7  8  9 10 11 12 13 14 15 16 |
---------------+-------------------------------------------------+-----
Earth Magic    | 4 5 6 8 9 11 12 | 12.5
Fighting       | 2 6 8 9 |  9.1
Spellcasting   | 3 6 8 9 11 | 11.5
Fire Magic     | 4 6 9 10 14 15 | 15.1
Shields        | 1 4 |  4.0
Evocations     | 5 8 10 | 10.0
Invocations    | 5 8 9 |  9.0
Conjurations   | 2 5 |  5.7
Short Blades   | 5 8 |  8.1
Transmutations | 9 11 | 11.3
Dodging        | |  1.7
Stealth        | |  1.7

Action                   |  1- 3 |  4- 6 |  7- 9 | 10-12 | 13-15 | 16-18 || total
-------------------------+-------+-------+-------+-------+-------+-------++-------
Melee: Unarmed           |    51 |       |       |       |       |       ||    51
       Tailslap          |     3 |     8 |     8 |     1 |    51 |    22 ||    93
       Hand axe          |     5 |    71 |       |       |       |       ||    76
       Rapier            |       |    29 |   141 |    40 |       |       ||   210
       Staff             |       |       |       |     3 |    45 |       ||    48
       Pair of quick bla |       |       |       |       |   447 |   187 ||   634
Throw: Tomahawk          |       |       |    11 |       |     1 |       ||    12
 Cast: Sandblast         |    61 |    60 |    89 |   247 |   302 |     1 ||   760
       Stone Arrow       |       |       |    11 |    81 |   122 |    59 ||   273
       Lee's Rapid Decon |       |       |     6 |     4 |    39 |     4 ||    53
       Fireball          |       |       |       |     5 |    15 |     6 ||    26
       Sticky Flame      |       |       |       |       |    22 |    14 ||    36
Invok: Ancestor Life: Ba |       |       |     1 |       |       |       ||     1
       Recall Ancestor   |       |       |       |     1 |     2 |     1 ||     4
       Transference      |       |       |       |     1 |     1 |     3 ||     5
       Idealise          |       |       |       |       |     5 |     3 ||     8
 Abil: Breathe Dispellin |       |       |       |     7 |    53 |    19 ||    79
Evoke: Wand              |       |       |    33 |    10 |    63 |    10 ||   116
       Sack of spiders   |       |       |       |     1 |       |       ||     1
       Lightning rod     |       |       |       |       |    12 |       ||    12
       Box of beasts     |       |       |       |       |     3 |     3 ||     6
  Use: Potion            |     1 |     6 |     4 |       |     8 |     1 ||    20
       Scroll            |     5 |     5 |     5 |    15 |    10 |     6 ||    46
 Stab: Invisible         |       |     5 |       |       |     6 |       ||    11
       Sleeping          |       |       |     2 |     1 |     8 |     3 ||    14
       Paralysed         |       |       |       |       |    27 |       ||    27
       Distracted        |       |       |       |       |     4 |     1 ||     5
       Confused          |       |       |       |       |     1 |     4 ||     5
  Eat: Chunk             |     3 |     3 |    13 |    24 |    49 |     7 ||    99
       Fruit             |       |     1 |       |     1 |    10 |     5 ||    17
       Meat ration       |       |       |       |       |       |     1 ||     1
Armor: Skin              |    26 |    94 |    61 |    88 |   186 |    45 ||   500
Dodge: Dodged            |    65 |    86 |   115 |    89 |   296 |    69 ||   720
Block: Other             |     1 |    42 |    35 |    10 |       |       ||    88
       Reflection        |       |     1 |     9 |     5 |       |       ||    15
       Buckler           |       |       |       |    39 |    17 |       ||    56
